AoeStats
← Baldemir

Black Forest

507543337Analyzed
3v3 RM · 14d ago on Sep 18, 2026· 51m 54s· 6 players
Game mode
Random Map
Map size
Normal (6 player)
Population
200
Speed
Normal
Resources
Standard
Victory
Conquest
Starting age
Dark Age
Ending age
Imperial Age
RankedLock teamsTeams togetherTeam positionsShared explorationLock speedFull tech treeHidden civsTurbo modeCheats
Victory
Defeat
🇫🇷 Britons · France
861
+11
🇨🇿 Romans · Czechia
831
+13
🇦🇷 Spanish · Argentina
801
+13
🇹🇷 Teutons · Türkiye
778
-13
🇹🇷 Bohemians · Türkiye
766
-13
🇹🇷 Vietnamese · Türkiye
722
-11
DOWN
4:02 Loom
15:24 Feudal Age
16:12 Double-Bit Axe
20:40 Arson
22:20 Wheelbarrow
24:46 Castle Age
23:48 Horse Collar
29:15 Town Watch
31:21 Pikeman
32:01 Squires
33:34 Heavy Plow
35:05 Hand Cart
36:03 Town Patrol
36:10 Husbandry
39:43 Bow Saw
41:54 Stone Mining
41:28 Light Cavalry
44:43 Gold Mining
45:28 Stone Shaft Mining
49:14 Imperial Age
51:05 Cavalier
Lucius
2:08 Loom
14:22 Feudal Age
15:28 Double-Bit Axe
15:26 Horse Collar
20:08 Castle Age
19:40 Gold Mining
19:41 Stone Mining
22:25 Gold Shaft Mining
24:32 Wheelbarrow
26:52 Heavy Plow
27:25 Bow Saw
30:55 Hand Cart
35:32 Imperial Age
33:16 Fortified Wall
33:28 Ballistics
35:18 Ballistas
36:12 Scale Barding Armor
36:19 Forging
36:42 Conscription
35:54 Onager
39:13 Chemistry
38:09 Murder Holes
38:14 Elite Centurion
38:16 Man-at-Arms
40:05 Scale Mail Armor
40:40 Iron Casting
40:12 Squires
39:33 Long Swordsman
39:39 Long Swordsman
39:45 Heavy Scorpion
41:23 Chain Mail Armor
40:56 Legionary
44:20 Comitatenses
45:14 Town Watch
46:30 Blast Furnace
45:58 Chain Barding Armor
50:25 Elite Centurion
Lazy Red Panda
2:57 Loom
13:13 Feudal Age
13:40 Horse Collar
13:47 Double-Bit Axe
21:43 Castle Age
20:54 Stone Mining
22:14 Gold Mining
25:11 Fletching
25:32 Forging
28:03 Wheelbarrow
28:59 Bodkin Arrow
29:08 Padded Archer Armor
30:28 Iron Casting
31:05 Leather Archer Armor
31:17 Ballistics
36:04 Imperial Age
34:18 Hand Cart
36:35 Yeomen
36:08 Elite Longbowman
37:24 Bow Saw
37:18 Heavy Plow
38:16 Bracer
41:34 Chemistry
41:06 Ring Archer Armor
41:37 Blast Furnace
47:11 Murder Holes
48:39 Caravan
52:10 Warwolf
Baldemir
8:08 Loom
12:03 Feudal Age
14:14 Double-Bit Axe
14:11 Horse Collar
20:53 Castle Age
22:06 Heavy Plow
22:19 Bow Saw
22:12 Padded Archer Armor
22:02 Fletching
27:51 Thumb Ring
28:22 Bodkin Arrow
28:42 Pikeman
29:52 Leather Archer Armor
29:58 Fortified Wall
29:46 Murder Holes
31:06 Ballistics
35:28 Imperial Age
33:35 Pikeman
33:43 Elite Skirmisher
36:58 Ring Archer Armor
38:46 Paper Money
42:04 Elite Rattan Archer
43:59 Imperial Skirmisher
45:40 Crop Rotation
46:14 Two-Man Saw
46:39 Chemistry
45:41 Bracer
45:52 Forging
45:48 Scale Barding Armor
46:59 Elite Rattan Archer
Halbob
1:01 Loom
2:05 Loom
13:06 Feudal Age
14:34 Wheelbarrow
15:56 Horse Collar
16:23 Double-Bit Axe
20:59 Forging
20:50 Scale Mail Armor
20:54 Padded Archer Armor
20:46 Fletching
26:14 Castle Age
28:46 Iron Casting
28:06 Bodkin Arrow
28:26 Leather Archer Armor
28:27 Chain Mail Armor
28:57 Hand Cart
29:09 Pikeman
29:52 Squires
32:05 Heavy Plow
32:17 Bow Saw
33:12 Elite Skirmisher
47:08 Imperial Age
47:13 Imperial Skirmisher
49:28 Elite Teutonic Knight
50:29 Conscription
michelangelo
0:53 Loom
13:09 Feudal Age
13:39 Double-Bit Axe
13:36 Horse Collar
15:35 Fletching
21:14 Padded Archer Armor
23:30 Castle Age
22:55 Scale Barding Armor
23:39 Forging
24:51 Bow Saw
24:43 Heavy Plow
24:53 Husbandry
28:36 Crossbowman
30:39 Wheelbarrow
30:33 Fortified Wall
35:01 Hand Cart
36:48 Bodkin Arrow
40:56 Imperial Age
38:57 Pikeman
40:43 Chemistry
40:05 Ballistics
42:50 Hand Cart
43:26 Masonry
43:15 Murder Holes
43:45 Conscription
44:08 Chain Barding Armor
48:15 Bracer
49:44 Arbalester
Connection lost

Rejoining the realm…

Still unreachable

The connection could not be restored.

Session expired

The server has moved on; the page needs a fresh start.